3A
HIGHWOOD HAWKS @ DELAWARE 1787 BC
09/02/2025
 
TOP OF THE 1ST
Highwood Hawks batting - Pitching for Delaware 1787 BC : RHP Brian Fixel
Pitching: RHP Brian Fixel
Batting: RHB Dennis Dudash 0-0: Called Strike
0-1: Bunted foul
0-2: Ball
1-2: Strikes out looking
Batting: RHB Raleigh Delaney 0-0: Swinging Strike
0-1: Swinging Strike
0-2: Strikes out swinging
Batting: RHB Rojo Nasution 0-0: Ball
1-0: Ball
2-0: Ball
3-0: Called Strike
3-1: Foul Ball, location: 2F
3-2: Ground out 5-3 (Groundball, 5L)
Top of the 1st over - 0 run(s), 0 hit(s), 0 error(s), 0 left on base; Highwood 0 - Delaware 0
BOTTOM OF THE 1ST
Delaware 1787 BC batting - Pitching for Highwood Hawks : RHP Stanley Eldrige
Pitching: RHP Stanley Eldrige
Batting: LHB Manoo Satyavrat 0-0: Ball
1-0: SINGLE (Line Drive, 7S)
Batting: LHB José Rodríguez 0-0: Ball
1-0: Called Strike
1-1: Called Strike
Manoo Satyavrat steals 2nd base
1-2: SINGLE (Line Drive, 4MD)
Manoo Satyavrat to third
Runner from 3rd tries for Home, SAFE, no throw
Batting: LHB Francisco García 0-0: Swinging Strike
0-1: Called Strike
0-2: Strikes out swinging
Batting: RHB Felipe Bruno 0-0: Swinging Strike
0-1: Foul Ball, location: 2F
0-2: Ball
1-2: Ball
2-2: Foul Ball, location: 2F
2-2: Reached on error, E5 (Groundball, 56)
José Rodríguez to second
Batting: SHB Sam Quint 0-0: Ball
1-0: Fielders Choice at 2nd, 3-6 (Groundball, 34)
José Rodríguez to third
Batting: RHB Héctor Flores 0-0: Ball
1-0: Fielders Choice at 2nd, 6-4 (Groundball, 6)
Bottom of the 1st over - 1 run(s), 2 hit(s), 1 error(s), 1 left on base; Highwood 0 - Delaware 1
TOP OF THE 2ND
Highwood Hawks batting - Pitching for Delaware 1787 BC : RHP Brian Fixel
Batting: RHB Pepe Álvarez 0-0: Ball
1-0: Called Strike
1-1: DOUBLE (Flyball, 78D) - OUT at third base trying to stretch hit.
Batting: SHB Gabriel Pittman 0-0: Ball
1-0: Called Strike
1-1: Called Strike
1-2: Ball
2-2: Strikes out looking
Batting: RHB Andrew Crosby 0-0: Foul Ball, location: 2F
0-1: Ball
1-1: Fly out, F9 (Flyball, 89D)
Top of the 2nd over - 0 run(s), 1 hit(s), 0 error(s), 0 left on base; Highwood 0 - Delaware 1
BOTTOM OF THE 2ND
Delaware 1787 BC batting - Pitching for Highwood Hawks : RHP Stanley Eldrige
Batting: RHB Gilberto Rodríguez 0-0: Ball
1-0: Foul Ball, location: 2F
1-1: Ball
2-1: Ball
3-1: Foul Ball, location: 2F
3-2: SOLO HOME RUN (Flyball, 8LXD), Distance : 437 ft
Batting: RHB Thurman Blumer 0-0: Foul Ball, location: 2F
0-1: Called Strike
0-2: Ball
1-2: Ball
2-2: SINGLE (Groundball, 34D)
Batting: RHB Senior Pond 0-0: Swinging Strike
0-1: Ground out 4-3 (Groundball, 4S)
Thurman Blumer to second
Batting: LHB Manoo Satyavrat 0-0: Ball
1-0: Ball
2-0: Ball
3-0: Base on Balls
Batting: LHB José Rodríguez 0-0: Called Strike
0-1: DOUBLE (Line Drive, 78D)
Thurman Blumer scores
Manoo Satyavrat to third
Runner from 3rd tries for Home, SAFE, no throw
Batting: LHB Francisco García 0-0: Fly out, F9 (Line Drive, 9)
Batting: RHB Felipe Bruno 0-0: Called Strike
0-1: Ball
1-1: Ball
2-1: Ball
3-1: Base on Balls
Batting: SHB Sam Quint 0-0: Ball
1-0: Reached on error, E4 (Groundball, 34D)
José Rodríguez to third
Felipe Bruno to second
Batting: RHB Héctor Flores 0-0: Ball
1-0: Ball
2-0: Called Strike
2-1: Called Strike
2-2: Strikes out looking
Bottom of the 2nd over - 3 run(s), 3 hit(s), 1 error(s), 3 left on base; Highwood 0 - Delaware 4
TOP OF THE 3RD
Highwood Hawks batting - Pitching for Delaware 1787 BC : RHP Brian Fixel
Batting: RHB Joel Guerra 0-0: Foul Ball, location: 2F
0-1: Foul Ball, location: 2F
0-2: Foul Ball, location: 2F
0-2: Strikes out looking
Batting: RHB Sterling Burnett 0-0: Swinging Strike
0-1: Ball
1-1: Foul Ball, location: 2F
1-2: Ball
2-2: Ball
3-2: Base on Balls
Batting: RHB Luis Estrada 0-0: Ball
1-0: Ball
2-0: Called Strike
2-1: Ball
3-1: Base on Balls
Sterling Burnett to second
Batting: RHB Dennis Dudash 0-0: Ball
1-0: Called Strike
Sterling Burnett is caught stealing 3rd base
Luis Estrada to second
1-1: Foul Ball, location: 2F
1-2: Ground out U3 (Groundball, 3)
Top of the 3rd over - 0 run(s), 0 hit(s), 0 error(s), 1 left on base; Highwood 0 - Delaware 4
BOTTOM OF THE 3RD
Delaware 1787 BC batting - Pitching for Highwood Hawks : RHP Stanley Eldrige
Batting: RHB Gilberto Rodríguez 0-0: Foul Ball, location: 2F
0-1: Ball
1-1: Called Strike
1-2: Foul Ball, location: 2F
1-2: Strikes out swinging
Batting: RHB Thurman Blumer 0-0: Ball
1-0: Called Strike
1-1: Foul Ball, location: 2F
1-2: Ground out 5-3 (Groundball, 56S)
Batting: RHB Senior Pond 0-0: Called Strike
0-1: Ground out 6-3 (Groundball, 6MS)
Bottom of the 3rd over - 0 run(s), 0 hit(s), 0 error(s), 0 left on base; Highwood 0 - Delaware 4
TOP OF THE 4TH
Highwood Hawks batting - Pitching for Delaware 1787 BC : RHP Brian Fixel
Batting: RHB Raleigh Delaney 0-0: Foul Ball, location: 2F
0-1: Ball
1-1: Ball
2-1: Swinging Strike
2-2: Ball
3-2: Strikes out swinging
Batting: RHB Rojo Nasution 0-0: Swinging Strike
0-1: Swinging Strike
0-2: Strikes out looking
Batting: RHB Pepe Álvarez 0-0: Called Strike
0-1: SINGLE (Groundball, 4MD)
Batting: SHB Gabriel Pittman Pickoff Throw to First - Error! E1
Pepe Álvarez to second
0-0: Ball
Passed Ball!
Pepe Álvarez to third
1-0: Ball
2-0: SINGLE (Groundball, 4MD)
Pepe Álvarez scores
Batting: RHB Andrew Crosby 0-0: Called Strike
0-1: Called Strike
0-2: Strikes out swinging
Top of the 4th over - 1 run(s), 2 hit(s), 1 error(s), 1 left on base; Highwood 1 - Delaware 4
BOTTOM OF THE 4TH
Delaware 1787 BC batting - Pitching for Highwood Hawks : RHP Stanley Eldrige
Batting: LHB Manoo Satyavrat 0-0: Foul Ball, location: 2F
0-1: Fly out, F7 (Flyball, 7S)
Batting: LHB José Rodríguez 0-0: Fly out, F9 (Flyball, 9S)
Batting: LHB Francisco García 0-0: Ball
1-0: Called Strike
1-1: Called Strike
1-2: SINGLE (Line Drive, 56D)
Batting: RHB Felipe Bruno 0-0: Ball
Francisco García is caught stealing 2nd base
Bottom of the 4th over - 0 run(s), 1 hit(s), 0 error(s), 0 left on base; Highwood 1 - Delaware 4
TOP OF THE 5TH
Highwood Hawks batting - Pitching for Delaware 1787 BC : RHP Brian Fixel
Batting: RHB Joel Guerra 0-0: Ball
1-0: Swinging Strike
1-1: Ball
2-1: Foul Ball, location: 2F
2-2: Foul Ball, location: 2F
2-2: Strikes out swinging
Batting: RHB Sterling Burnett 0-0: Foul Ball, location: 2F
0-1: Ball
1-1: Called Strike
1-2: Strikes out swinging
Batting: RHB Luis Estrada 0-0: Called Strike
0-1: Swinging Strike
0-2: Ball
1-2: Strikes out swinging
Top of the 5th over - 0 run(s), 0 hit(s), 0 error(s), 0 left on base; Highwood 1 - Delaware 4
BOTTOM OF THE 5TH
Delaware 1787 BC batting - Pitching for Highwood Hawks : RHP Stanley Eldrige
Batting: RHB Felipe Bruno 0-0: Ball
1-0: Ball
2-0: Foul Ball, location: 2F
2-1: Ball
3-1: Base on Balls
Batting: SHB Sam Quint 0-0: Ball
1-0: Swinging Strike
1-1: Called Strike
1-2: Foul Ball, location: 2F
1-2: Ball
2-2: Foul Ball, location: 2F
2-2: Foul Ball, location: 2F
2-2: Strikes out looking
Batting: RHB Héctor Flores 0-0: Called Strike
0-1: Foul Ball, location: 2F
0-2: Ball
1-2: Foul Ball, location: 2F
1-2: Ball
2-2: Grounds into double play, 5-4-3 (Groundball, 56)
Bottom of the 5th over - 0 run(s), 0 hit(s), 0 error(s), 0 left on base; Highwood 1 - Delaware 4
TOP OF THE 6TH
Highwood Hawks batting - Pitching for Delaware 1787 BC : RHP Brian Fixel
Batting: RHB Dennis Dudash 0-0: Ball
1-0: Swinging Strike
1-1: Swinging Strike
1-2: Strikes out looking
Batting: RHB Raleigh Delaney 0-0: Fly out, F7 (Flyball, 78XD)
Batting: RHB Rojo Nasution 0-0: Foul Ball, location: 2F
0-1: Swinging Strike
0-2: Ball
1-2: Foul Ball, location: 2F
1-2: Ground out 5-3 (Groundball, 56)
Top of the 6th over - 0 run(s), 0 hit(s), 0 error(s), 0 left on base; Highwood 1 - Delaware 4
BOTTOM OF THE 6TH
Delaware 1787 BC batting - Pitching for Highwood Hawks : RHP Stanley Eldrige
Batting: RHB Gilberto Rodríguez 0-0: Ball
1-0: Foul Ball, location: 2F
1-1: Called Strike
1-2: Fly out, F9 (Flyball, 9D)
Batting: RHB Thurman Blumer 0-0: Foul Ball, location: 2F
0-1: Foul Ball, location: 2F
0-2: Foul Ball, location: 2F
0-2: Foul Ball, location: 2F
0-2: SINGLE (Groundball, 4MS) (infield hit)
Batting: RHB Senior Pond 0-0: Fielders Choice at 2nd, 1-6 (Groundball, 13)
Batting: LHB Manoo Satyavrat 0-0: Called Strike
0-1: Ball
1-1: Fielders Choice at 2nd, 4-6 (Groundball, 34)
Bottom of the 6th over - 0 run(s), 1 hit(s), 0 error(s), 0 left on base; Highwood 1 - Delaware 4
TOP OF THE 7TH
Highwood Hawks batting - Pitching for Delaware 1787 BC : RHP Brian Fixel
Batting: RHB Pepe Álvarez 0-0: Ball
1-0: Ground out 3-1 (Groundball, 34S)
Batting: SHB Gabriel Pittman 0-0: Called Strike
0-1: Ball
1-1: Foul Ball, location: 2F
1-2: Strikes out looking
Batting: RHB Andrew Crosby 0-0: Fly out, F9 (Flyball, 9LS)
Top of the 7th over - 0 run(s), 0 hit(s), 0 error(s), 0 left on base; Highwood 1 - Delaware 4
BOTTOM OF THE 7TH
Delaware 1787 BC batting - Pitching for Highwood Hawks : RHP Stanley Eldrige
Batting: LHB José Rodríguez 0-0: Ground out 6-3 (Groundball, 6)
Batting: LHB Francisco García 0-0: Fly out, F7 (Line Drive, 78D)
Batting: RHB Felipe Bruno 0-0: Foul Ball, location: 2F
0-1: Ball
1-1: Foul Ball, location: 2F
1-2: Ball
2-2: Foul Ball, location: 2F
2-2: Strikes out swinging
Bottom of the 7th over - 0 run(s), 0 hit(s), 0 error(s), 0 left on base; Highwood 1 - Delaware 4
TOP OF THE 8TH
Highwood Hawks batting - Pitching for Delaware 1787 BC : RHP Brian Fixel
Batting: RHB Joel Guerra 0-0: Ball
1-0: Swinging Strike
1-1: Swinging Strike
1-2: Foul Ball, location: 2F
1-2: Strikes out looking
Batting: RHB Sterling Burnett 0-0: Foul Ball, location: 2F
0-1: Foul Ball, location: 2F
0-2: Ball
1-2: Ball
2-2: SINGLE (Line Drive, 78S)
Batting: RHB Luis Estrada 0-0: Grounds into double play, 6-4-3 (Groundball, 6)
Top of the 8th over - 0 run(s), 1 hit(s), 0 error(s), 0 left on base; Highwood 1 - Delaware 4
BOTTOM OF THE 8TH
Delaware 1787 BC batting - Pitching for Highwood Hawks : RHP Stanley Eldrige
Batting: SHB Sam Quint 0-0: Swinging Strike
0-1: Fly out, F8 (Flyball, 8LM)
Pitching: RHP Vicente García
Batting: RHB Héctor Flores 0-0: Ball
1-0: Foul Ball, location: 2F
1-1: Called Strike
1-2: Ball
2-2: Reached on error, E4 (Groundball, 4)
Batting: RHB Gilberto Rodríguez 0-0: Fly out, F8 (Flyball, 8LD)
Batting: RHB Thurman Blumer 0-0: Foul Ball, location: 2F
0-1: Called Strike
0-2: Ball
1-2: Ball
Wild Pitch!
Héctor Flores to second
2-2: Ball
3-2: Foul Ball, location: 2F
3-2: Foul Ball, location: 2F
3-2: SINGLE (Groundball, 6) (infield hit)
Héctor Flores to third
Batting: RHB Senior Pond 0-0: Called Strike
0-1: Ball
1-1: Swinging Strike
1-2: Fly out, F8 (Flyball, 8LD)
Bottom of the 8th over - 0 run(s), 1 hit(s), 1 error(s), 2 left on base; Highwood 1 - Delaware 4
TOP OF THE 9TH
Highwood Hawks batting - Pitching for Delaware 1787 BC : RHP Brian Fixel
Pitching: RHP Apollo Cepeda
Batting: RHB Dennis Dudash 0-0: Foul Ball, location: 2F
0-1: Bunted foul
0-2: Strikes out swinging
Batting: RHB Raleigh Delaney 0-0: Foul Ball, location: 2F
0-1: Ball
1-1: Ball
2-1: Ball
3-1: Foul Ball, location: 2F
3-2: Foul Ball, location: 2F
3-2: Fly out, F7 (Flyball, 7S)
Batting: RHB Rojo Nasution 0-0: Ball
1-0: Swinging Strike
1-1: Ground out 4-3 (Groundball, 4M)
Top of the 9th over - 0 run(s), 0 hit(s), 0 error(s), 0 left on base; Highwood 1 - Delaware 4
Friday, December 30th, 2016 - OOTP Baseball 17.12 Build 75